 Dungeon Crawl Stone Soup version 0.31-a0-845-g9abc20d24f (webtiles) character file.

Game seed: 6385069702580160865

809 Danienth the Ruffian (level 7, -2/54 HPs)
             Began as a Demonspawn Shapeshifter on Oct 2, 2023.
             Was a Follower of Dithmenos.
             Killed by an exploding rat (29 damage)
             ... ignited by their inner flame
             ... on level 1 of the Dungeon.
             The game lasted 00:15:10 (3931 turns).

Danienth the Ruffian (Demonspawn Shapeshifter)      Turns: 3931, Time: 00:15:10

Health: -2/54      AC:  6    Str: 13 (14) XL:     7   Next: 61%
Magic:  7/7        EV: 12    Int: 13 (15) God:    Dithmenos [*.....]
Gold:   179        SH:  0    Dex: 12 (13) Spells: 6/6 levels left

rFire   . .          .
                       - Unarmed
rCold   . . .        (no shield)
rNeg    . . .        a - +2 animal skin
rPois   .            (helmet currently unavailable)
rElec   .            (cloak currently unavailable)
rCorr   .            (gloves currently unavailable)
SInv    .            (boots currently unavailable)
Will    .....        (no amulet)
Stlth   +++          (no ring)
HPRegen 0.29/turn    (no ring)
MPRegen 0.10/turn

%: no passive effects
@: beast-form, wreathed by umbra
A: beast (slay +1), antennae 1, hooves 1, condensation shield, iridescent scales
1, clever 1, wild magic 1
a: Begin Untransformation, Renounce Religion


You were on level 1 of the Dungeon.
You worshipped Dithmenos.
Dithmenos was aware of your devotion.
You were a hulking beast.
You visited 1 branch of the dungeon, and saw 4 of its levels.

You collected 179 gold pieces.

Inventory:

Hand Weapons
 o - a +1 hand axe of electrocution
Missiles
 m - 2 poisoned darts
 n - 6 boomerangs
Armour
 a - a +2 animal skin (worn)
 p - a +0 pair of gloves
 q - a +0 cloak
Jewellery
 f - a ring of see invisible
Talismans
 c - a beast talisman (active)
 d - a flux talisman
Wands
 b - a wand of flame (10) (quivered)
 r - a wand of paralysis (13)
Scrolls
 h - 3 scrolls of identify
 k - 3 scrolls of teleportation
Potions
 e - a potion of curing
 g - a potion of attraction {unknown}
 i - a potion of berserk rage {unknown}
 l - a potion of ambrosia
 s - a potion of haste {unknown}


   Skills:
 - Level 4.2 Fighting
 - Level 2.0 Dodging
 - Level 4.0 Stealth
 * Level 6.1 Unarmed Combat
 + Level 2.7 Shapeshifting


You had 6 spell levels left.
You didn't know any spells.
Your spell library contained the following spells:

 Spells                   Type           Power      Damage    Failure   Level
 Ensorcelled Hibernation  Hex/Ice        0%         N/A       52%         2
 Passwall                 Tmut/Erth      0%         N/A       52%         2
 Swiftness                Air            0%         N/A       75%         3
 Leda's Liquefaction      Hex/Erth       0%         N/A       98%         4
 Lee's Rapid Deconstruct  Erth           0%         3d4*      100%        5
 Bombard                  Conj/Erth      0%         9d1       100%        6


Dungeon Overview and Level Annotations

Branches:
Dungeon (4/15)             Temple (0/1) D:4

Altars:
Dithmenos
Jiyva


Innate Abilities, Weirdness & Mutations

You are a hulking beast.
Your limbs bulge with bestial killing power. (Slay +1)
You have a pair of small antennae on your head.
You have large cloven feet.
A meltable shield of frost defends you. (SH +0)
You are partially covered in iridescent scales. (AC +2)
Your mind is acute. (Int +4, Str/Dex -1)
Your spells are a little harder to cast, but a little more powerful.


Message History

Dithmenos accepts your kill.
The fiery explosion engulfs the jelly!
Flame seeps out of the jelly.
The jelly is almost dead.
The jelly explodes!
The fiery explosion engulfs the frilled lizard!
You kill the frilled lizard!
Dithmenos accepts your kill.
The fiery explosion engulfs the jelly!!
Dithmenos accepts your kill.
The fiery explosion engulfs the jelly!!
Dithmenos accepts your kill.
The jelly explodes!
The fiery explosion engulfs the jelly!!
Dithmenos accepts your kill.
The fiery explosion engulfs the endoplasm!!
Dithmenos accepts your kill.
The fiery explosion engulfs the ball python!!!
Dithmenos accepts your kill.
You are shrouded in an aura of darkness!
The ball python explodes!
The fiery explosion engulfs the jelly!!
Dithmenos accepts your kill.
The jelly explodes!
The fiery explosion engulfs the endoplasm!!!
You kill the endoplasm!
Dithmenos accepts your kill.
The fiery explosion engulfs the jelly!!
Dithmenos accepts your kill.
The jelly explodes!
The endoplasm explodes!
The fiery explosion engulfs the jelly!!
Dithmenos accepts your kill.
The jelly explodes! x3
Dithmenos accepts your kill.
You feel a bit more experienced. Dithmenos accepts your kill.
You feel a bit more experienced.
The rat explodes!
The fiery explosion engulfs you!!
Ouch! That really hurt!
You die...

....♣.....................###....
..♣.♣.)♣....♣.............##..)~≈
...♣..♣♣.♣.♣........###...##.#.~≈
♣.♣♣......................##.#.~≈
..♣♣..♣..♣♣....########...##...~≈
.♣..♣♣...♣....## {.§J#...##.#...
♣...♣..♣.....#####.§§§#...#....~~
.....♣♣......8.#§#§§§§#.....##.≈≈
..♣.............h§§§§§#...#.#..~≈
.♣..♣♣.♣♣.......§§§§§§#...#....~≈
...♣.........8.#§#§§§.#...#....~~
.....♣...♣...#####§§§.#...#.##...
♣...♣♣....♣♣..## .§..#...#.#####
...♣....♣...♣..########...#.#
♣♣......♣.................#.####
♣♣♣♣♣♣♣♣♣♣♣♣♣##############....#
### ##### #......# ####.#


You could see a jelly (inner flame).

Vanquished Creatures
  Grinder (D:4)
  Sigmund (D:3)
  An ogre (D:4)
  A scorpion (D:4)
  8 jellies (D:1)
  An orc priest (D:4)
  Terence (D:3)
  A hound (D:4)
  An iguana (D:4)
  An orc wizard (D:4)
  Ijyb (D:3)
  2 adders (D:3)
  3 gnolls (D:3)
  4 worms
  A dart slug (D:4)
  15 orcs
  4 ball pythons
  9 endoplasms
  4 giant cockroaches
  8 goblins
  4 hobgoblins
  6 jackals
  6 quokkas
  6 bats
  5 frilled lizards
  4 kobolds
  12 rats
111 creatures vanquished.

Notes
Turn   | Place    | Note
-------+----------+-------------------------------------------
     0 | D:1      | Danienth the Demonspawn Shapeshifter began the quest for
                  | the Orb.
     0 | D:1      | Reached XP level 1. HP: 15/15 MP: 1/1
    93 | D:1      | Found a large runed translucent door.
    93 | D:1      | Found a large runed translucent door.
    93 | D:1      | Found a viscous altar of Jiyva.
    93 | D:1      | Noticed a jelly
    93 | D:1      | Noticed a jelly
    93 | D:1      | Noticed a jelly
    94 | D:1      | Noticed a jelly
    96 | D:1      | Noticed a jelly
    99 | D:1      | Noticed a jelly
   111 | D:1      | Noticed a jelly
   111 | D:1      | Noticed a jelly
   112 | D:1      | Noticed a jelly
   289 | D:1      | Discovered your monstrous ancestry.
   289 | D:1      | Gained mutation: You have large cloven feet. [demonic
                  | ancestry]
   289 | D:1      | Reached XP level 2. HP: 21/21 MP: 2/2
   370 | D:1      | Reached skill level 3 in Unarmed Combat
  1075 | D:2      | Reached skill level 1 in Stealth
  1110 | D:2      | Gained mutation: A meltable shield of frost defends you.
                  | (SH +0) [demonic ancestry]
  1110 | D:2      | Reached XP level 3. HP: 20/26 MP: 3/3
  1550 | D:3      | Noticed Ijyb
  1584 | D:3      | Killed Ijyb
  1585 | D:3      | Reached XP level 4. HP: 23/33 MP: 4/4
  1797 | D:3      | Noticed Terence
  1811 | D:3      | Killed Terence
  1812 | D:3      | Reached skill level 4 in Unarmed Combat
  1900 | D:3      | Gained mutation: You have a pair of small antennae on your
                  | head. [demonic ancestry]
  1900 | D:3      | Reached XP level 5. HP: 35/39 MP: 5/5
  2089 | D:3      | Noticed Sigmund
  2197 | D:3      | Found a faded altar of an unknown god.
  2698 | D:3      | Gained mutation: You have hidden genetic defects. [potion
                  | of mutation]
  2698 | D:3      | Gained mutation: Your spells are a little harder to cast,
                  | but a little more powerful. [potion of mutation]
  2698 | D:3      | Gained mutation: You have an increased reservoir of magic.
                  | (+10% MP) [potion of mutation]
  2698 | D:3      | Gained mutation: Your mind is acute. (Int +4, Str/Dex -1)
                  | [potion of mutation]
  2699 | D:3      | Killed Sigmund
  2700 | D:3      | Reached XP level 6. HP: 20/47 MP: 6/6
  2700 | D:3      | Lost mutation: You have an increased reservoir of magic.
                  | (+10% MP) [potion of mutation]
  2700 | D:3      | Lost mutation: Your spells are a little harder to cast, but
                  | a little more powerful. [potion of mutation]
  2700 | D:3      | Gained mutation: Your spells are a little harder to cast,
                  | but a little more powerful. [potion of mutation]
  2700 | D:3      | Lost mutation: You have hidden genetic defects. [potion of
                  | mutation]
  2700 | D:3      | Gained mutation: You are partially covered in iridescent
                  | scales. (AC +2) [potion of mutation]
  2938 | D:4      | Reached skill level 5 in Unarmed Combat
  3204 | D:4      | Found a shadowy altar of Dithmenos.
  3286 | D:4      | Became a worshipper of Dithmenos the Shadowed
  3311 | D:4      | Reached XP level 7. HP: 22/53 MP: 7/7
  3471 | D:4      | Noticed Grinder
  3478 | D:4      | Paralysed by Grinder for 3 turns
  3497 | D:4      | Killed Grinder
  3498 | D:4      | Reached skill level 6 in Unarmed Combat
  3738 | D:4      | Found a staircase to the Ecumenical Temple.
  3931 | D:1      | Reached * piety under Dithmenos
  3931 | D:1      | Killed by an exploding rat... ignited by their inner flame

Illustrated notes

Levels and vault maps discovered:
D:1:      erik_arrival_cave_to_civilisation [erik_arrival_cave_to_temple],
          layout_loops_ring, minivault_14
D:2:      layout_rooms
D:3:      minmay_diamond_boxcup, layout_basic, basic_ecumenical_altar,
          grunt_decor_cap, uniq_sigmund, uniq_terence, uniq_ijyb
D:4:      layout_rooms, grunt_dithmenos_smoke, minmay_temple_entry_poolview,
          uniq_grinder

Skill      XL: |  1  2  3  4  5  6  7 |
---------------+----------------------+-----
Unarmed Combat | 3 4 5 6 |  6.1
Dodging        | 2 |  2.0
Stealth        | 1 2 3 4 |  4.0
Fighting       | 2 3 4 |  4.2
Shapeshifting  | |  2.7

Action                     |  1- 3 |  4- 6 |  7- 9 || total
---------------------------+-------+-------+-------++-------
  Melee: Unarmed           |   112 |   163 |    39 ||   314
         Kick              |    24 |    50 |    13 ||    87
         Punch             |       |     7 |     1 ||     8
  Throw: Throwing net      |       |     1 |       ||     1
  Evoke: Wand              |       |     2 |     1 ||     3
    Use: Scroll            |     7 |       |     2 ||     9
         Potion            |     3 |     3 |     2 ||     8
   Stab: Sleeping          |     4 |     4 |     2 ||    10
 Armour: Animal skin       |    44 |    82 |    26 ||   152
         Skin              |     3 |       |       ||     3
  Dodge: Dodged            |    43 |    79 |    22 ||   144
  Block: Other             |     1 |    13 |     5 ||    19

Table legend: (Time is in decaauts)
 A = Elapsed time spent in this place.
 B = Non-inter-level travel time spent in this place.
 C = Inter-level travel time spent in this place.
 D = Time resting spent in this place.
 E = Time spent auto-exploring this place.
 F = Levels seen in this place.
 G = Mean time per level.
                   A        B        C        D        E       F      G
               +--------+--------+--------+--------+--------+-----+--------+
         Total |   3907 |   3561 |    346 |    327 |   2559 |   4 |  976.8 |
       Dungeon |   3907 |   3561 |    346 |    327 |   2559 |   4 |  976.8 |
               +--------+--------+--------+--------+--------+-----+--------+

Top non-repeatable levels by time:
     D:3: 1378 daAuts
     D:1: 1008 daAuts
     D:4: 841 daAuts
     D:2: 678 daAuts
